 Dungeon Crawl Stone Soup version 0.22-a0-858-g985ef60 (webtiles) character file.

40 inc the Chiller (level 3, 14/14 HPs)
             Began as a Felid Ice Elementalist on July 27, 2018.
             Quit the game on level 2 of the Dungeon.
             The game lasted 00:02:15 (1866 turns).

inc the Chiller (Felid Ice Elementalist)            Turns: 1866, Time: 00:02:16

Health: 14/14      AC:  1    Str:  4    XL:     3   Next: 30%
Magic:  8/8        EV: 18    Int: 17    God:
Gold:   46         SH:  0    Dex: 16    Spells: 7/8 levels left
                                        Lives:  0   Deaths: 1

rFire    . . .     SeeInvis +   (weapon unavailable)
rCold    . . .     Gourm    .   (shield unavailable)
rNeg     . . .     Faith    .   (armour unavailable)
rPois    .         Spirit   .   (helmet unavailable)
rElec    .         Reflect  .   (cloak unavailable)
rCorr    .         Harm     .   (gloves unavailable)
MR       .....                  (boots unavailable)
Stlth    +++.......             (no amulet)
HPRegen  0.04/turn              (no ring)
MPRegen  0.11/turn              (no ring)

@: quick
A: very small, no armour, no weapons or thrown items, stealth, claws 1, fangs 3,
see invisible, carnivore, speed 1, shaggy fur 1, slow metabolism 1, sharp paws
a: no special abilities


You were on level 2 of the Dungeon.
You were not hungry.

You visited 1 branch of the dungeon, and saw 2 of its levels.

You collected 46 gold pieces.

Inventory:

Jewellery
 c - an uncursed ring of fire
 h - an uncursed amulet of guardian spirit {unknown}
Wands
 m - a wand of random effects (29)
Scrolls
 d - a scroll of teleportation {unknown}
 e - a scroll of remove curse {unknown}
 f - 3 scrolls of immolation {unknown}
 g - a scroll of enchant weapon {unknown}
 l - a scroll of identify {unknown}
 n - a scroll of amnesia {unknown}
Potions
 a - a potion of berserk rage
 i - a potion of haste {unknown}
 j - a potion of heal wounds {unknown}
 k - a potion of ambrosia {unknown}
Comestibles
 b - 2 rations


   Skills:
 - Level 2.6 Dodging
 - Level 2.6 Stealth
 + Level 3.1 Spellcasting
   Level 0.8 Conjurations
 + Level 4.0 Ice Magic


You had 7 spell levels left.
You knew the following spells:

 Your Spells              Type           Power        Failure   Level  Hunger
a - Freeze                Ice            ###.         3%          1    None

Your spell library contained the following spells:

 Spells                   Type           Power        Failure   Level  Hunger
 Throw Frost              Conj/Ice       ##....       10%         2    ##.....
 Summon Ice Beast         Ice/Summ       #.......     58%         4    ####...
 Ozocubu's Armour         Chrm/Ice       #.......     22%         3    ###....
 Throw Icicle             Conj/Ice       ##......     54%         4    ####...


Dungeon Overview and Level Annotations

Branches:
Dungeon (2/15)

Altars:
Fedhas
Trog


Innate Abilities, Weirdness & Mutations

You cannot wear armour.
You are incapable of wielding weapons or throwing items.
Your paws allow you to move quietly. (Stealth)
You have sharp claws.
You have razor-sharp teeth.
You have supernaturally acute eyesight. (SInv)
You are carnivorous and can eat meat at any time.
You cover ground quickly.
You are covered in fur. (AC +1)
You have a slow metabolism.
Your sharp claws are effective at attacking unaware monsters.


Message History

The curare-tipped needle hits you.
You are more poisoned.
You have difficulty breathing.
* * * LOW HITPOINT WARNING * * *
You feel as though you will be slow longer.
The frilled lizard misses you.
It was a potion of berserk rage.
A red film seems to cover your vision as you go berserk!
You feel yourself moving faster!
You feel mighty!
You die...
You feel very sick. The frilled lizard closely misses you.
The kobold unwields an uncursed blowgun.
The kobold wields an uncursed club.
The kobold completely misses you.
You are now level 3!
You rejoin the land of the living...
Unknown command.
Are you sure you want to abandon this character and quit the game? (Confirm with "yes".)
Okay, then.
Are you sure you want to abandon this character and quit the game? (Confirm with "yes".)

#......# #..........##
#......# #.###.###..##
#......# #.# #.# #....
#......# #.###+###....
#......##### #...+_###....
#......'...# #.###+###.###
#...†..###'######.# #.# #.#
#
#....####.........###.###.#
#
#....'......@.............#
#
##...####.......#.###....##
#...# #.................##
######...#
#.............###..#
.........#
#.............####.#
......<###
#######............#
.......# #######..P.P.#
.......# #..._..# .......#
#..P.P.#


There were no monsters in sight!

Vanquished Creatures
  Terence (D:2)
  An iguana (D:2)
  An ooze (D:1)
  A worm (D:2)
  A dart slug (D:1)
  A giant cockroach (D:1)
  3 goblins (D:1)
  6 hobgoblins
  2 jackals (D:1)
  8 bats
  2 frilled lizards (D:1)
  4 rats
31 creatures vanquished.

Notes
Turn   | Place    | Note
-------+----------+-------------------------------------------
     0 | D:1      | inc the Felid Ice Elementalist began the quest for the Orb.
     0 | D:1      | Reached XP level 1. HP: 7/7 MP: 4/4
     2 | D:1      | Noticed a halfling
     2 | D:1      | Noticed a ghoul
     4 | D:1      | Noticed a demigod
     4 | D:1      | Noticed a felid
     6 | D:1      | Noticed a vine stalker
     6 | D:1      | Noticed a draconian
     8 | D:1      | Noticed an ogre
     8 | D:1      | Noticed an octopode
    10 | D:1      | Noticed a troll
    10 | D:1      | Noticed a gargoyle
    12 | D:1      | Noticed a minotaur
    12 | D:1      | Noticed a dwarf
    14 | D:1      | Noticed an elf
    14 | D:1      | Noticed a merfolk
    16 | D:1      | Noticed a vampire
    19 | D:1      | Noticed a spriggan
    23 | D:1      | Noticed a formicid
    23 | D:1      | Noticed a centaur
    25 | D:1      | Noticed a tengu
    25 | D:1      | Noticed a naga
    27 | D:1      | Noticed a human
    27 | D:1      | Noticed a demonspawn
   142 | D:1      | Reached skill level 3 in Ice Magic
   315 | D:1      | Reached XP level 2. HP: 10/11 MP: 4/6
  1033 | D:1      | Reached XP level 3. HP: 10/14 MP: 3/7
  1385 | D:2      | Found a bloodstained altar of Trog.
  1620 | D:2      | Noticed Terence
  1626 | D:2      | Killed Terence
  1626 | D:2      | Reached XP level 4. HP: 18/18 MP: 2/9
  1788 | D:2      | Found a blossoming altar of Fedhas.
  1856 | D:2      | Reached skill level 4 in Ice Magic
  1865 | D:2      | Succumbed to kobold's curare-tipped needle
  1866 | D:2      | Reached XP level 3. HP: -2/21 MP: 8/8
  1866 | D:2      | Quit the game

Vault maps used:
D:1:      kb_arrival_jail
D:2:      fedhas_altar_1, lemuel_doored_altar, uniq_terence

Skill      XL: |  1  2  3  4 |
---------------+-------------+-----
Ice Magic      | 3 4 |  4.0
Spellcasting   | 3 |  3.1
Dodging        | |  2.6
Stealth        | |  2.6
Conjurations   | |  0.8

Action                   |  1- 3 |  4- 6 || total
-------------------------+-------+-------++-------
Melee: Unarmed           |     7 |     1 ||     8
 Cast: Freeze            |    55 |     4 ||    59
  Use: Potion            |       |     1 ||     1
  Eat: Chunk             |     1 |     2 ||     3
Armor: Skin              |     6 |       ||     6
Dodge: Dodged            |    56 |     6 ||    62

Table legend:
 A = Spawn XP
 B = Non-spawn XP
 C = Spawn XP percentage of total XP
 D = Spawn monster count
 E = Non-spawn monster count
 F = Spawn count percentage of total count
 G = Total turns spent on level
                    A         B        C        D         E        F      G
               +---------+---------+-------+---------+---------+-------+---------
         Total |       0 |     128 |   0.0 |       0 |      31 |   0.0 |  1866
               +---------+---------+-------+---------+---------+-------+---------
           D:1 |       0 |      42 |   0.0 |       0 |      21 |   0.0 |  1213
           D:2 |       0 |      86 |   0.0 |       0 |      10 |   0.0 |   653
               +---------+---------+-------+---------+---------+-------+---------
